[Event "Late-Titled-Tuesday-Blitz-January-23-2024"]
[Site "Chess.com"]
[Date "2024.01.23"]
[Round "6"]
[White "CarrotsandPizza"]
[Black "el008"]
[Result "0-1"]
[WhiteElo "2533"]
[BlackElo "2466"]
[TimeControl "180+1"]
[EndTime "15:06:03 PST"]
[Termination "el008 won on time"]

1. e4 c6 2. d4 d5 3. e5 c5 4. dxc5 e6 5. Nf3 Bxc5 6. Bd3 Ne7 7. Bf4 Nd7 8. O-O Bb6 9. Re1 Nc5 10.
Bf1 Bd7 11. Nc3 a6 12. Nd4 Nc6 13. Nf3 Qc7 14. a3 Ne7 15. Nd4 Ba7 16. Rc1 b5 17. b4 Nb7 18. Nce2 Nd8 19. Ng3 Ng6 20. Qd2 Qb6 21.
c3 Nc6 22. Nh5 Nxd4 23. cxd4 Qxd4 24. Nxg7+ Kf8 25. Qxd4 Bxd4 26. Bh6 Ke7 27. Bg5+ Kf8 28. Rc7 Kxg7 29. Bf6+ Kh6 30. Bxh8 Rxh8 31. Rxd7 Nxe5 32. Rc7 Kg7 33. Rd1 Bb2 34. Rb1 Bd4 35. Be2 Ng6 36. Rd1 Bb2 37. Rb1 Be5 38. Rc6 Nf4 39. Bf1 Ra8 40. g3 Ng6 41. f4 Bd4+ 42. Kg2 Ne7 43. Rc7 Nf5 44. Bd3 Nd6 45. Rd1 Bb2 46. Rb1 Bf6 47. g4 Bd8 48. Rd7 Ne8 49. g5 Bc7 50. Kf3 Rc8 51. Rc1 Kg8 52. a4 bxa4 53. Bxa6 Ra8 54. Bb5 a3 55. Re7 Nd6 56. Rexc7 Nxb5 57. Rc8+ Rxc8 58. Rxc8+ Kg7 59. Ra8 f6 60. Kg4 fxg5 61.
Kxg5 h6+ 62. Kg4 Kf6 0-1

[Event "Late-Titled-Tuesday-Blitz-January-23-2024"]
[Site "Chess.com"]
[Date "2024.01.23"]
[Round "6"]
[White "AkatsukiLogHorizon"]
[Black "Fh2411"]
[Result "0-1"]
[WhiteElo "2247"]
[BlackElo "2580"]
[TimeControl "180+1"]
[EndTime "15:06:04 PST"]
[Termination "Fh2411 won by resignation"]

1. e4 c6 2. d4 d5 3. exd5 cxd5 4.
Bd3 Nc6 5. c3 Qc7 6. Ne2 Bg4 7.
h3 Bh5 8. g4 Bg6 9. Bxg6 hxg6 10. Bf4 Qd7 11. Ng3 e6 12. Nd2 Bd6 13. Bxd6 Qxd6 14.
Qe2 Nge7 15. O-O-O O-O-O 16. Qe3 Rh7 17. f4 Rdh8 18. Ne2 Ng8 19. Qg3 g5 20. Nf3 gxf4 21. Qxf4 Qxf4+ 22. Nxf4 Nd8 23. Ne5 Nf6 24. Rdf1 Ne4 25.
Rhg1 Kc7 26. Nh5 Nd6 27. Rf3 g6 28. Nf4 Ne4 29. Rgf1 Ng5 30. Re3 Kd6 31. Kc2 Rh4 32. c4 R8h7 33. c5+ Ke7 34. Ra3 a6 35. Rh1 Ne4 36.
Rb3 g5 37. Nh5 Nf2 38. Rh2 Ne4 39. Nf3 R4xh5 40. gxh5 Rxh5 41. Ne5 f6 42. Ng4 Kf7 43.
Rf3 Kg6 44. Nf2 Nc6 45. Kd3 Rh4 46. Re3 Nxf2+ 47. Rxf2 Rxd4+ 48. Kc3 Rc4+ 49. Kd2 Ne5 50. Rc3 Rd4+ 51. Ke3 Re4+ 52. Kd2 f5 53. Re3 Nc4+ 54. Kd3 Nxe3 0-1

[Event "Late-Titled-Tuesday-Blitz-January-23-2024"]
[Site "Chess.com"]
[Date "2024.01.23"]
[Round "6"]
[White "Siemba"]
[Black "rychessmaster1"]
[Result "1/2-1/2"]
[WhiteElo "2574"]
[BlackElo "2732"]
[TimeControl "180+1"]
[EndTime "15:06:07 PST"]
[Termination "Game drawn - insufficient material"]

1. e4 c6 2. d4 d5 3. Nc3 dxe4 4.
Nxe4 Nf6 5. Nxf6+ exf6 6. c3 Bd6 7. Bd3 O-O 8. Qc2 Re8+ 9. Ne2 h5 10. O-O h4 11. h3 Nd7 12. Bd2 Nf8 13. Rae1 Bc7 14.
Qc1 b6 15. Bf4 Bb7 16. Bxc7 Qxc7 17. Qf4 Qxf4 18. Nxf4 g6 19. Bc4 Kg7 20. f3 Nd7 21.
Kf2 f5 22. g4 hxg3+ 23. Kxg3 Nf6 24. h4 Rac8 25. Re5 Nd7 26. Ree1 Nf6 27. Nd3 Nh5+ 28. Kf2 f6 29. a4 Kf8 30. Rg1 Rxe1 31. Nxe1 Kg7 32.
Ng2 c5 33. Ne3 Kh6 34. Be6 Re8 35. Bf7 Re7 36. Bxg6 Ng7 37. Nxf5+ Nxf5 38. Bxf5 cxd4 39. cxd4 Rc7 40. Rg6+ Kh5 41. Rxf6 Kxh4 42. Ke3 Kg5 43. Rf8 Re7+ 44. Be4 Ba6 45. b4 Bc4 46. a5 bxa5 47.
bxa5 Bb3 48. Rb8 Bc4 49. Rb4 Bf1 50. d5 Kf6 51. Kd4 Bh3 52. d6 Re5 53. Rb7 Rxa5 54. Bd5 Ra4+ 55. Kc5 Ra5+ 56. Rb5 Rxb5+ 57. Kxb5 Ke5 58.
Kc6 a5 59. Bb3 Kf4 60. Bd5 a4 61. d7 Bxd7+ 62. Kxd7 a3 63. Ba2 Kxf3 64. Kc6 Ke3 65. Kb5 Kd3 66. Ka4 Kd4 67. Kxa3 1/2-1/2

[Event "Late-Titled-Tuesday-Blitz-January-23-2024"]
[Site "Chess.com"]
[Date "2024.01.23"]
[Round "6"]
[White "sofaceindisguise"]
[Black "Flameboard08"]
[Result "1-0"]
[WhiteElo "2768"]
[BlackElo "2565"]
[TimeControl "180+1"]
[EndTime "15:06:09 PST"]
[Termination "sofaceindisguise won on time"]

1. e4 b6 2. d4 Bb7 3. Nc3 e6 4. a3 Nf6 5. Bd3 d5 6. e5 Nfd7 7. Nce2 Ba6 8. Bxa6 Nxa6 9. h4 h5 10. Bg5 Be7 11. Nf3 O-O 12. Nf4 g6 13. Qd3 Nab8 14. Nxe6 fxe6 15. Qxg6+ Kh8 16. Qxh5+ Kg8 17. Qg6+ Kh8 18. Qh6+ Kg8 19. Qxe6+ Rf7 20. Qxd5 c6 21. Qe4 Nf8 22. O-O-O Qd5 23. Qe3 Nbd7 24. Bxe7 Rxe7 25. Ng5 Qa2 26. Qc3 Rd8 27. f4 b5 28. h5 Nb6 29.
Qb3+ Qxb3 30. cxb3 Red7 31. Nf3 Nd5 32. g3 Ne3 33.
Rd3 Ng4 34. Rh4 Nh6 35. g4 Ne6 36. f5 Nxd4 37. e6 Ne2+ 38. Kd2 Rxd3+ 39. Kxe2 Rxb3 40. f6 Rd6 41. e7 Rxb2+ 42. Ke3 Re6+ 43. Kd4 Nf7 44.
g5 Rf2 45. Re4 Rxe4+ 46. Kxe4 Nd6+ 47. Ke3 Rg2 48. g6 Rg4 49. Ne5 Re4+ 50. Kf3 Rxe5 51. Kf4 Re6 52. Kg5 Re5+ 53. Kg4 Re4+ 54. Kg5 Re5+ 55.
Kg4 c5 56. h6 Re4+ 57. Kg5 Re5+ 58. Kg4 c4 59. f7+ Nxf7 60. h7+ Kh8 61. gxf7 Kxh7 62. f8=Q 1-0

[Event "Late-Titled-Tuesday-Blitz-January-23-2024"]
[Site "Chess.com"]
[Date "2024.01.23"]
[Round "6"]
[White "Sargsyan_Shant"]
[Black "LyonBeast"]
[Result "0-1"]
[WhiteElo "2914"]
[BlackElo "3166"]
[TimeControl "180+1"]
[EndTime "15:06:11 PST"]
[Termination "LyonBeast won by resignation"]

1. c4 e5 2. g3 g6 3. Bg2 Bg7 4. Nc3 d6 5. d3 f5 6. b4 Nf6 7. b5 O-O 8. Nf3 Nbd7 9. O-O a5 10.
Bg5 Nc5 11. Nd2 h6 12. Bxf6 Bxf6 13. Rb1 a4 14. Qc2 h5 15. e3 Bg7 16. Ne2 Kh7 17.
d4 Ne6 18. Qc3 e4 19. h4 c5 20. bxc6 bxc6 21. Qc2 Rf7 22. Rfc1 Bh6 23. Rb4 Rfa7 24. Rcb1 c5 25. dxc5 Nxc5 26. Nd4 Bd7 27. Rb6 Ra6 28.
Rxa6 Rxa6 29. Rb4 Bg7 30. Bf1 Be5 31. Nb1 Rb6 32. Qd2 Na6 33. Rxb6 Qxb6 34. Nc3 Qb4 35. Kg2 a3 36. Be2 Nc5 37. Bd1 Qb2 38. Qxb2 axb2 39.
Bc2 Ne6 40. Ncb5 Bxd4 41. Nxd4 Ba4 42. Bb1 Nc5 43. Kf1 Be8 44. Ke2 Bf7 45. Kd2 Na4 46.
Nb5 Bxc4 47. Na3 d5 48. Bc2 Nb6 49. Kc3 Bxa2 50. Kxb2 Bc4 51. Kc3 Kg7 52. Kd4 Kf6 53. Kc5 Nd7+ 54. Kd6 Ne5 55. Bd1 Nd3 56. f4 Nf2 57. Ba4 Nh1 58. Nc2 Nxg3 59. Nd4 Nf1 60. Nc6 Nxe3 61. Nb8 Ng2 62. Nd7+ Kg7 63. Ke5 Nxh4 64.
Nc5 Nf3+ 65. Kd6 d4 0-1

[Event "Late-Titled-Tuesday-Blitz-January-23-2024"]
[Site "Chess.com"]
[Date "2024.01.23"]
[Round "6"]
[White "OparinGrigoriy"]
[Black "GHANDEEVAM2003"]
[Result "0-1"]
[WhiteElo "3013"]
[BlackElo "3066"]
[TimeControl "180+1"]
[EndTime "15:06:20 PST"]
[Termination "GHANDEEVAM2003 won by resignation"]

1. Nf3 d6 2. d4 g6 3. e4 Bg7 4.
Bd3 Nc6 5. c3 e5 6. O-O Nf6 7. h3 O-O 8. Re1 Re8 9. Na3 exd4 10.
cxd4 d5 11. e5 Ne4 12. Bf4 Nb4 13. Bb1 Bf5 14. Nc2 Nxc2 15. Bxc2 c6 16. Bh2 a5 17. Bd3 Qb6 18. Qc2 Rac8 19. Rac1 c5 20. dxc5 Rxc5 21.
Qe2 Bf8 22. Rcd1 Rcc8 23. Bxe4 Bxe4 24. Nd4 Rc4 25. Nb3 a4 26. Nd2 Rc2 27. Qg4 Rxb2 28. Nxe4 dxe4 29. Bg3 Bc5 30. Re2 e3 31. fxe3 Rxe2 32.
Qxe2 Rd8 33. Kh2 Rxd1 34. Qxd1 Bxe3 35. Qxa4 Bg1+ 36. Kh1 Qb1 37. Qb3 Qf1 38. h4 Bd4+ 39. Kh2 Qg1+ 40. Kh3 Qh1+ 41. Kg4 Qxg2 42. Kf4 Qc6 43.
h5 gxh5 44. Bh4 Qg6 45. Qf3 Qg4+ 46. Qxg4+ hxg4 47. Bg3 Kg7 48. Kxg4 Kg6 49. Kf4 h5 50. Ke4 Bc5 51. Bh4 b5 52. Kd5 Bf8 53. Kc6 b4 54. Kd7 Bg7 55. Kd6 Kf5 56. Ke7 Bxe5 57. Kxf7 Kg4 58.
Bd8 h4 59. Ke7 h3 0-1

[Event "Late-Titled-Tuesday-Blitz-January-23-2024"]
[Site "Chess.com"]
[Date "2024.01.23"]
[Round "6"]
[White "DeArron_Fox"]
[Black "Mazetovic"]
[Result "0-1"]
[WhiteElo "2433"]
[BlackElo "2586"]
[TimeControl "180+1"]
[EndTime "15:06:22 PST"]
[Termination "Mazetovic won by resignation"]

1. d4 Nf6 2. c4 g6 3. Nc3 Bg7 4. e4 O-O 5. f3 d6 6. Be3 c5 7.
Nge2 Nc6 8. d5 Ne5 9. Ng3 e6 10. Be2 exd5 11. cxd5 h5 12. O-O h4 13. Nh1 a6 14. a4 Re8 15. Nf2 Rb8 16. Bg5 h3 17. g4 Qb6 18. Qd2 Nh7 19. Be3 Qb4 20. a5 Nc4 21. Bxc4 Qxc4 22. Ra4 Bxc3 23. Rxc4 Bxd2 24. Bxd2 Bd7 25. Rcc1 b6 26. b4 cxb4 27. Bxb4 Ng5 28. Nd1 bxa5 29. Bxd6 Rb3 30. Rc3 Rxc3 31. Nxc3 Rc8 32. Bf4 Rxc3 33. Bxg5 a4 34. Kf2 a3 35. Rc1 a2 36. Ra1 Rc2+ 37. Kg3 f5 38. gxf5 gxf5 39.
e5 f4+ 40. Kxf4 Rxh2 41. e6 Bb5 42. d6 Rd2 43. d7 Bxd7 44. exd7 Rxd7 45. Rxa2 Rh7 46.
Kg3 Kf7 47. Rh2 Kg6 48. f4 Kf5 49. Rxh3 Rb7 50. Rh8 Rb1 51. Kh4 Rh1+ 52. Kg3 Rxh8 53. Kf3 Rc8 54. Ke3 a5 55. Kd4 a4 56. Be7 Rc1 57. Kd3 Rc8 58. Bb4 Ke6 59. Kd4 Kf5 60. Kd3 Kxf4 61. Bd6+ Kf5 62. Bb4 Ke6 63. Bc3 Kd5 64.
Kc2 Kc4 65. Bb2 Kb4+ 66. Kb1 Kb3 67. Bc1 Rg8 68. Be3 Rg3 69. Bb6 Rf3 70. Kc1 Rf1+ 71. Kd2 a3 72. Ke2 Rb1 0-1

[Event "Late-Titled-Tuesday-Blitz-January-23-2024"]
[Site "Chess.com"]
[Date "2024.01.23"]
[Round "6"]
[White "Quattroporte300"]
[Black "maximnovik"]
[Result "0-1"]
[WhiteElo "2427"]
[BlackElo "2578"]
[TimeControl "180+1"]
[EndTime "15:06:26 PST"]
[Termination "maximnovik won by resignation"]

1. e4 c6 2. d4 d5 3. exd5 cxd5 4. Bd3 Nf6 5. c3 Nc6 6. Bf4 Bg4 7. Qb3 Qd7 8. Nd2 e6 9. Ngf3 Bd6 10. Bxd6 Qxd6 11. O-O O-O 12. Rae1 Qc7 13. h3 Bxf3 14. Nxf3 g6 15. Ne5 Nxe5 16. Rxe5 Nd7 17. Re3 Rae8 18. Rfe1 Re7 19. h4 Nf6 20. Qd1 Qf4 21. g3 Qc7 22.
Kg2 Kg7 23. Re5 Nd7 24. R5e3 Rfe8 25. h5 Nf6 26. hxg6 hxg6 27. Qf3 Rh8 28. Rh1 Rxh1 29. Kxh1 Qd8 30. Kg2 Qh8 31. Re1 Qh5 32. Qxh5 Nxh5 33. b3 Nf6 34. c4 dxc4 35. Bxc4 Rd7 36. Rd1 a6 37. a4 e5 38. d5 Ne8 39. Re1 Re7 40.
f4 e4 41. g4 Nd6 42. Kf2 Rc7 43. Bf1 Rc3 44. Re3 Rc2+ 45. Re2 Rc1 46. Re1 Rxe1 47.
Kxe1 Kf6 48. Kd2 Ke7 49. g5 Nf5 50. Bh3 Kd6 51. Kc3 Kxd5 52. Bf1 Nd6 53. Be2 a5 54. Bf1 Kc5 55. Be2 b5 56. axb5 Nxb5+ 57. Kd2 Nd4 58.
Bc4 Ne6 59. Ke3 Kb4 60. Bd5 Nc5 61. Bc4 Nxb3 62. Bd5 a4 63. Bxf7 a3 64. Bxb3 Kxb3 65. f5 a2 66. fxg6 a1=Q 0-1

[Event "Late-Titled-Tuesday-Blitz-January-23-2024"]
[Site "Chess.com"]
[Date "2024.01.23"]
[Round "6"]
[White "sergoy"]
[Black "Polish_fighter3000"]
[Result "0-1"]
[WhiteElo "3028"]
[BlackElo "3100"]
[TimeControl "180+1"]
[EndTime "15:06:31 PST"]
[Termination "Polish_fighter3000 won by resignation"]

1. d4 d6 2. e4 Nf6 3. Nc3 g6 4. f4 Bg7 5. Nf3 c5 6. Bb5+ Bd7 7. e5 Ng4 8. e6 Bxb5 9. exf7+ Kf8 10. Nxb5 Qa5+ 11.
Nc3 cxd4 12. Nxd4 Nc6 13. Ne6+ Kxf7 14. Nxg7 Nf6 15. Be3 Kxg7 16. O-O Rhf8 17. Qd3 Qf5 18. Qxf5 gxf5 19. Rfe1 Kf7 20. Bf2 Nh5 21. g3 Nf6 22. Re2 Rac8 23. Rae1 a6 24. Kg2 b5 25. a3 h5 26. Kf3 Rfe8 27. Kg2 e6 28. h3 Rc7 29.
Bb6 Rb7 30. Bf2 Rbe7 31. Rd2 d5 32. Rde2 Rg8 33. Kf3 Ne4 34. Nxe4 fxe4+ 35. Ke3 Rc7 36. Rg1 Na5 37. b3 Rc3+ 38. Kd4 Rf3 39. Be1 Nc6+ 40. Kc5 Ne7 41. Kb6 e3 42. g4 d4 43. Kc5 Rxf4 44.
Bg3 Rf3 45. Kxd4 hxg4 46. Ke4 Nf5 47. Be5 Rxh3 48. Rd1 g3 49. Rd7+ Kg6 50. Ra7 Kg5 51.
Rxa6 Rh4+ 52. Kd3 Kg4 53. Rxe6 Kf3 54. Bf6 Rf4 55. a4 g2 56. Rxg2 Rxg2 57. axb5 Rd2+ 58. Kc3 Rd5 59. b6 e2 60. b7 Rb5 61. Be5 Re4 62. Rf6 Rexe5 63. b8=Q Rxb8 64. Rxf5+ Rxf5 65. Kd2 Re5 66. Kd3 Rd8+ 67. Kc4 e1=Q 0-1

[Event "Late-Titled-Tuesday-Blitz-January-23-2024"]
[Site "Chess.com"]
[Date "2024.01.23"]
[Round "6"]
[White "Hrant_ChessMood"]
[Black "Bigfish1995"]
[Result "0-1"]
[WhiteElo "2912"]
[BlackElo "3135"]
[TimeControl "180+1"]
[EndTime "15:06:32 PST"]
[Termination "Bigfish1995 won on time"]

1. Nf3 d5 2. d4 Nf6 3. c4 e6 4.
Nc3 c6 5. Bg5 Nbd7 6. e3 Qa5 7.
Nd2 dxc4 8. Bxf6 Nxf6 9. Nxc4 Qc7 10. Rc1 Bd6 11. g3 O-O 12. Bg2 e5 13. O-O exd4 14.
exd4 Rd8 15. d5 Bb4 16. Qb3 Bxc3 17. d6 Qb8 18. Qxc3 Be6 19. b4 Ne8 20. a4 Bxc4 21. Qxc4 Nxd6 22. Qc5 a6 23. Rfd1 Qc7 24. Rd3 h6 25. Rcd1 Ne8 26. h4 Rxd3 27. Rxd3 Rd8 28. Re3 Nd6 29. h5 Qd7 30. Bf3 Qf5 31. Kg2 Qxc5 32.
bxc5 Nc4 33. Re7 Na5 34. g4 Kf8 35. Rc7 Rd4 36. Rc8+ Ke7 37. Rc7+ Kf6 38. Be2 Rxa4 39. Kg3 Nb3 40. Rxb7 Nxc5 41. Rc7 Ne4+ 42. Kg2 Ra2 43.
Rxc6+ Ke5 44. Kf1 a5 45. Rc7 Nd6 46. Re7+ Kf6 47. Rd7 Ke6 48. Ra7 a4 49. Ra6 Kd5 50.
Bf3+ Ke5 51. Ra5+ Kf4 52. Be2 g6 53. hxg6 fxg6 54. Ra6 Ne4 55. Rxg6 a3 56. Rxh6 Rb2 57. Ra6 a2 58. f3 Nc3 59. Kf2 Rxe2+ 60. Kf1 Rb2 0-1

[Event "Late-Titled-Tuesday-Blitz-January-23-2024"]
[Site "Chess.com"]
[Date "2024.01.23"]
[Round "6"]
[White "Dedic8"]
[Black "Angry_Twin"]
[Result "1-0"]
[WhiteElo "2820"]
[BlackElo "2982"]
[TimeControl "180+1"]
[EndTime "15:06:49 PST"]
[Termination "Dedic8 won by resignation"]

1. d4 Nf6 2. c4 e6 3. Nc3 d5 4. cxd5 exd5 5. Bg5 c6 6. e3 h6 7. Bh4 Be7 8. Bd3 O-O 9. Nge2 Re8 10. f3 c5 11. O-O Nc6 12. Rc1 Be6 13. Kh1 Nd7 14. Bxe7 Qxe7 15. Nf4 cxd4 16. Ncxd5 Qd6 17. Nxe6 fxe6 18. Nc3 Nde5 19. Nb5 Qd8 20. Nxd4 Nxd4 21. exd4 Nc6 22. Bb5 Rc8 23. Bxc6 Rxc6 24. Rxc6 bxc6 25. Qc2 Qxd4 26. Qxc6 Re7 27. Qc2 Rd7 28. Qe2 Kf7 29.
Re1 Rd6 30. h3 a5 31. Qc2 Kf6 32. b3 Rd5 33. Re4 Qd1+ 34. Qxd1 Rxd1+ 35. Kh2 Rd2 36. Ra4 Rd5 37. h4 h5 38. Kg3 g5 39. hxg5+ Kxg5 40.
Re4 Kf5 41. Rh4 Kg6 42. Ra4 Kf5 43. Kf2 Rd2+ 44. Kf1 Rd5 45. Ke2 Kg5 46. Ke3 Rc5 47. Rc4 Rd5 48. a3 Kg6 49. b4 axb4 50. axb4 Rd1 51. Ke4 Kf6 52. Kf4 Rb1 53. Kg3 Rb2 54. Kh3 Kg6 55. Re4 Kf6 56. g3 Rb3 57. f4 Rb1 58. Rc4 Kg6 59. Kg2 Kf5 60. Rc5+ Kf6 61. b5 Rb2+ 62. Kh3 Kg6 63. Rg5+ Kh6 64. Re5 Kg7 65.
Rxh5 Kf6 66. Re5 Rb1 67. Kg4 Rb2 68. Rg5 Rb3 69. Kh3 Rb1 70. Kg2 Rb2+ 71. Kf3 Rb3+ 72. Ke4 Rb4+ 73. Kd3 Rb1 74. Kc4 Ke7 75. Kc5 Kf6 76. Kc6 Rc1+ 77. Rc5 Rg1 78. b6 Rxg3 79. b7 Rb3 80. Rb5 Rc3+ 81. Kb6 1-0

[Event "Late-Titled-Tuesday-Blitz-January-23-2024"]
[Site "Chess.com"]
[Date "2024.01.23"]
[Round "6"]
[White "Nouali_Mohamed"]
[Black "Smile2005"]
[Result "1-0"]
[WhiteElo "2546"]
[BlackElo "2426"]
[TimeControl "180+1"]
[EndTime "15:06:49 PST"]
[Termination "Nouali_Mohamed won by checkmate"]

1. e4 c5 2. Nf3 e6 3. d4 cxd4 4.
Nxd4 a6 5. Nc3 b5 6. Bd3 Bb7 7. Qe2 Nc6 8. Nxc6 dxc6 9. e5 Ne7 10. Ne4 Ng6 11. f4 c5 12. c3 c4 13. Bc2 Be7 14.
Be3 Qc7 15. O-O-O O-O 16. h4 Rfd8 17. h5 Nh4 18. Nd6 Nf5 19. Bxf5 exf5 20. Nxf5 Be4 21. Qg4 Bxf5 22. Qxf5 Bc5 23. Qe4 Rac8 24. h6 g6 25. g4 b4 26. cxb4 Bxb4 27. Kb1 c3 28. Rc1 Qc4 29.
Qxc4 Rxc4 30. Rc2 Re4 31. Bc1 cxb2 32. Kxb2 Rb8 33. Ka1 Be1 34. Bb2 Bg3 35. e6 fxe6 36. Rc7 Rxb2 37. Kxb2 Bxf4 38. Rg7+ Kh8 39. Rf7 Be5+ 40.
Kb3 Kg8 41. Rd7 Re3+ 42. Ka4 Re2 43. Rc1 Rxa2+ 44. Kb3 Rb2+ 45. Ka3 Rb8 46. Rc6 a5 47. Rxe6 Bc3 48. Ka2 a4 49. Red6 Ba5 50. Re7 a3 51. Rg7+ Kh8 52. Rdd7 Bc3 53. Rxh7+ Kg8 54.
Rhe7 Bf6 55. h7+ Kh8 56. Rf7 Be5 57. Kxa3 Ra8+ 58. Kb3 Rb8+ 59. Kc4 Ba1 60. Kd5 Rb5+ 61. Kc6 Rb8 62. g5 Re8 63. Rde7 Rc8+ 64. Kd7 Ra8 65. Re8+ Rxe8 66. Kxe8 Bg7 67. Rd7 Kxh7 68. Kf7 Kh8 69.
Rd8+ Kh7 70. Rd3 Bh6 71. Rh3 Kh8 72. Rxh6# 1-0

[Event "Late-Titled-Tuesday-Blitz-January-23-2024"]
[Site "Chess.com"]
[Date "2024.01.23"]
[Round "6"]
[White "IngOscarArdila"]
[Black "ProChessWICTH"]
[Result "0-1"]
[WhiteElo "2369"]
[BlackElo "2518"]
[TimeControl "180+1"]
[EndTime "15:06:53 PST"]
[Termination "ProChessWICTH won on time"]

1. d4 Nf6 2. c4 g6 3. Nc3 d5 4. Nf3 Bg7 5. e3 O-O 6. Be2 c5 7. O-O cxd4 8. Nxd4 Nc6 9. Nxc6 bxc6 10. Qa4 Bb7 11. Rd1 Qc7 12. Bf3 Rfd8 13. Bd2 e5 14. cxd5 cxd5 15. Rac1 Qe7 16. Nb5 a6 17. Nc7 Rab8 18.
Ba5 Rd7 19. Bb4 Qd8 20. Ba5 Qe7 21. Bb4 Qd8 22. Ba5 Qf8 23. h3 e4 24. Be2 Qd6 25.
Bb4 Qb6 26. Qa3 Bc8 27. Ba5 Qxb2 28. Qxb2 Rxb2 29. Bxa6 Bxa6 30. Nxa6 Ra7 31. Rc8+ Bf8 32. Bc3 Rc2 33. Nb4 Rxc3 34. Rxc3 Bxb4 35. Rc2 Be7 36. Rb1 Bd6 37. Kf1 Kf8 38. g4 Ke7 39. g5 Nd7 40. Rb5 Ke6 41. Rcb2 Ra3 42. Ke2 Ne5 43.
R5b3 Ra4 44. Rb7 Nd3 45. Rc2 Nb4 46. Rb2 Nxa2 47. h4 Nb4 48. Rb6 Nd3 49. Rc2 Ra3 50. Rcc6 Ra2+ 51. Kd1 Nb2+ 52. Kc1 Nc4 53. Rb7 Rxf2 54.
Rc8 Ke5 55. Re8+ Kf5 56. Rxf7+ Kg4 57. Rxf2 Nxe3 58. Re2 Bf4 59. Ra2 Nf5+ 60. Kc2 Nxh4 61. Ra1 Nf5 62. Rg1+ Kf3 63. Rh8 Ne3+ 64. Kb3 Ng4 65.
Rxh7 e3 66. Rg7 e2 67. Rxg6 Be3 68. Ra1 d4 69. Rg8 d3 70. Rf8+ Kg2 71. g6 d2 72.
g7 d1=Q+ 73. Kb2 Qd4+ 74. Kb3 Qxg7 75. Rc8 Qxa1 76. Rc2 Qb1+ 77. Kc3 Qxc2+ 78. Kxc2 e1=Q 79. Kd3 Qd2+ 80. Ke4 Nf2+ 81. Kf5 Qd3+ 0-1

[Event "Late-Titled-Tuesday-Blitz-January-23-2024"]
[Site "Chess.com"]
[Date "2024.01.23"]
[Round "6"]
[White "Igor_Lysyj"]
[Black "Jospem"]
[Result "1/2-1/2"]
[WhiteElo "2891"]
[BlackElo "3086"]
[TimeControl "180+1"]
[EndTime "15:07:22 PST"]
[Termination "Game drawn by repetition"]

1. d4 Nf6 2. c4 e6 3. Nf3 Bb4+ 4. Bd2 c5 5. Bxb4 cxb4 6. e3 a5 7. Bd3 b6 8. O-O Bb7 9. a3 Na6 10. Nbd2 d6 11. Qc2 h6 12. Ne4 O-O 13. Nxf6+ Qxf6 14.
Bh7+ Kh8 15. Be4 Qe7 16. Bxb7 Qxb7 17. Rac1 Rac8 18. Qd3 Kg8 19. Rc2 Rc7 20. Rfc1 Re8 21. Nd2 Rd8 22. h3 Rcc8 23. Qe4 Qd7 24. Qd3 Qa7 25. Nf3 bxa3 26. bxa3 Nb8 27. Qb3 Nd7 28.
Nd2 Qa8 29. Qb5 Rc7 30. Rb2 Rdc8 31. Rcb1 Qb7 32. Qxa5 Ra8 33. Qb4 Qc6 34. Ra2 Rca7 35. Qb5 Qc7 36. a4 Ra5 37. Qb4 Qc6 38. Rba1 Rg5 39.
f3 Rga5 40. Ne4 d5 41. cxd5 exd5 42. Nc3 Qe6 43. Kf2 Rc8 44. Qb3 Rc4 45. Re2 Qc6 46.
Nb5 Nf6 47. Kg1 Ra8 48. e4 dxe4 49. fxe4 Rc1+ 50. Rxc1 Qxc1+ 51. Kh2 Qf4+ 52. Qg3 Qxg3+ 53. Kxg3 Rxa4 54. e5 Nd5 55. Rb2 Ra1 56. Kf3 Re1 57.
Rc2 f5 58. Rc8+ Kh7 59. Rd8 Ne7 60. Rd7 Nc6 61. Nc7 Rd1 62. Ke3 Nxe5 63. Rd8 Nc6 64. Rd6 Na5 65. Rd7 Nc4+ 66. Ke2 Rd2+ 67. Kf3 Ne5+ 68.
Ke3 Nxd7 69. Kxd2 Kg6 70. Kc3 Kf6 71. Kc4 Ke7 72. Kd5 g5 73. Kc6 f4 74. Nd5+ Kd8 75. Nc3 h5 76. Ne4 g4 77. hxg4 hxg4 78. d5 f3 79. gxf3 gxf3 80. d6 Nf6 81. Nf2 Nd7 82. Kd5 b5 83. Ke4 b4 84. Kxf3 Nc5 85. Ke3 Kd7 86. Kd4 Kxd6 87. Kc4 b3 88. Nd1 Kc6 89. Nb2 Kb6 90. Nd3 Ka5 91. Nxc5 b2 92. Nb3+ Ka4 93. Nd2 Ka3 94. Kc3 Ka2 95. Kc2 Ka1 96.
Nb1 Ka2 97. Nd2 Ka3 98. Nb1+ Ka2 99. Nd2 1/2-1/2

[Event "Late-Titled-Tuesday-Blitz-January-23-2024"]
[Site "Chess.com"]
[Date "2024.01.23"]
[Round "7"]
[White "Felix-Rose"]
[Black "szachmistrz2500"]
[Result "0-1"]
[WhiteElo "2323"]
[BlackElo "2501"]
[TimeControl "180+1"]
[EndTime "15:10:29 PST"]
[Termination "szachmistrz2500 won by resignation"]

1. d4 Nf6 2. Nf3 c5 3. e3 d5 4.
Be2 g6 5. O-O Bg7 6. c3 Qc7 7. h3 O-O 8. Bd3 Nbd7 9. Nbd2 e5 10. Nxe5 Nxe5 11. dxe5 Qxe5 12. Re1 Ne4 13. Nf3 Qe7 14.
Qc2 Bf5 15. g4 Bd7 16. c4 Bc6 17. Rb1 dxc4 18. Bxc4 Nd6 19. Be2 Be4 0-1

[Event "Late-Titled-Tuesday-Blitz-January-23-2024"]
[Site "Chess.com"]
[Date "2024.01.23"]
[Round "7"]
[White "GMRAVEN_ON_YOUTUBE"]
[Black "IndianSchoolOfSuffering"]
[Result "1-0"]
[WhiteElo "2826"]
[BlackElo "2450"]
[TimeControl "180+1"]
[EndTime "15:10:57 PST"]
[Termination "GMRAVEN_ON_YOUTUBE won by resignation"]

1. f4 d5 2. Nf3 g6 3. e3 Bg7 4. c4 dxc4 5. Bxc4 c5 6. Qb3 e6 7. O-O Nc6 8. Nc3 Nge7 9. Qc2 a6 10.
b3 b5 11. Be2 Nb4 12. Qb1 Bb7 13. Bb2 Rc8 14. Ne4 Bxe4 15. d3 Bxf3 16. Bxg7 Bxe2 17. Bxh8 Bxd3 18. Qb2 Bxf1 19. Rxf1 Nd3 20. Qg7 Nf5 21. Qxh7 c4 22. e4 Qd4+ 23. Bxd4 1-0

[Event "Late-Titled-Tuesday-Blitz-January-23-2024"]
[Site "Chess.com"]
[Date "2024.01.23"]
[Round "7"]
[White "Rdeux42"]
[Black "NitaLucian"]
[Result "0-1"]
[WhiteElo "2433"]
[BlackElo "2316"]
[TimeControl "180+1"]
[EndTime "15:11:00 PST"]
[Termination "NitaLucian won by resignation"]

1. d4 d6 2. Nf3 Nf6 3. g3 Nbd7 4. Bg2 e5 5. dxe5 dxe5 6. O-O Be7 7. b3 c6 8. Bb2 Qc7 9. c4 O-O 10. Nc3 Re8 11. Ng5 Nf8 12. Qd2 Bf5 13. Rad1 Rad8 14. Qc1 h6 15. Nge4 Nxe4 16. Nxe4 f6 17. Ba3 Ne6 18. Bxe7 Qxe7 19. Rxd8 Rxd8 20. Rd1 Rd4 21. Nc3 Qb4 22. e3 Rxd1+ 23. Nxd1 Qe1+ 24. Bf1 Bh3 0-1

[Event "Late-Titled-Tuesday-Blitz-January-23-2024"]
[Site "Chess.com"]
[Date "2024.01.23"]
[Round "7"]
[White "cristiano78"]
[Black "SmirnovTimofey2000"]
[Result "1-0"]
[WhiteElo "2215"]
[BlackElo "1962"]
[TimeControl "180+1"]
[EndTime "15:11:01 PST"]
[Termination "cristiano78 won by checkmate"]

1. d4 d5 2. c4 c6 3. Nf3 Nf6 4. Nc3 e6 5. Bg5 dxc4 6. a4 Bb4 7. e4 Qa5 8. Bxf6 gxf6 9. Rc1 Nd7 10. Bxc4 b5 11.
Bb3 bxa4 12. Bxa4 Bb7 13. O-O Rg8 14. d5 cxd5 15. exd5 Bxc3 16. dxe6 Bxf3 17. Qxd7+ Kf8 18. Qxf7# 1-0

[Event "Late-Titled-Tuesday-Blitz-January-23-2024"]
[Site "Chess.com"]
[Date "2024.01.23"]
[Round "7"]
[White "rdarruda"]
[Black "diamonds13"]
[Result "0-1"]
[WhiteElo "2526"]
[BlackElo "2384"]
[TimeControl "180+1"]
[EndTime "15:11:21 PST"]
[Termination "diamonds13 won by resignation"]

1. d4 Nf6 2. Nf3 b6 3. c4 e6 4. Nc3 Bb4 5. Bd2 Bb7 6. e3 Bxc3 7. Bxc3 Ne4 8. Qc2 f5 9. Be2 d6 10. O-O-O Nd7 11. h4 Ndf6 12. d5 Nxf2 13. dxe6 Be4 14. Qa4+ c6 15. Nd4 Qc7 16. Bf3 Nxh1 17. Rxh1 O-O 18. Bxe4 Nxe4 19. Nxc6 Nc5 0-1

[Event "Late-Titled-Tuesday-Blitz-January-23-2024"]
[Site "Chess.com"]
[Date "2024.01.23"]
[Round "7"]
[White "bescmelasti"]
[Black "Zhigalko_Sergei"]
[Result "0-1"]
[WhiteElo "2699"]
[BlackElo "2965"]
[TimeControl "180+1"]
[EndTime "15:11:41 PST"]
[Termination "Zhigalko_Sergei won by resignation"]

1. Nf3 d5 2. g3 c6 3. Bg2 Bg4 4. O-O Nd7 5. c4 e6 6. d4 Ngf6 7. Nbd2 Be7 8. b3 O-O 9. Bb2 h6 10.
Qc2 Bf5 11. Qc1 Rc8 12. Ba3 c5 13. cxd5 cxd4 14. Bxe7 Qxe7 15. Qd1 e5 16. Nc4 Nxd5 17. Nxd4 exd4 18. Bxd5 Nf6 19. Bg2 Rfd8 20. Rc1 Ne4 21. Qd3 b5 22. Nd2 Rxc1 23. Rxc1 Nc3 24. Rxc3 0-1

[Event "Late-Titled-Tuesday-Blitz-January-23-2024"]
[Site "Chess.com"]
[Date "2024.01.23"]
[Round "7"]
[White "DonJuan_34"]
[Black "StankovicIvan"]
[Result "0-1"]
[WhiteElo "2387"]
[BlackElo "2549"]
[TimeControl "180+1"]
[EndTime "15:11:54 PST"]
[Termination "StankovicIvan won by resignation"]

1. d4 d5 2. c4 c6 3. Nc3 Nf6 4. Nf3 a6 5. cxd5 cxd5 6. Bf4 Nc6 7. h3 Bf5 8. e3 h6 9. Bd3 Bxd3 10. Qxd3 e6 11.
O-O Bd6 12. Ne5 Rc8 13. Rac1 O-O 14. Nxc6 Rxc6 15. Bxd6 Qxd6 16. Ne2 Rfc8 17. Rxc6 Rxc6 18. Rc1 Qb4 19. Rxc6 Qe1+ 20. Kh2 bxc6 21. Kg3 Ne4+ 22. Kh2 Nxf2 23. Qxa6 Qh1+ 24. Kg3 Ne4+ 25. Kf3 Qf1+ 26. Kg4 Qxg2+ 27. Kf4 g5+ 28. Ke5 Qh2+ 29. Nf4 gxf4 30.
Qc8+ Kg7 31. exf4 Qxh3 0-1